 Dungeon Sprint DCSS version 0.20.1-1-g8b1a95d (webtiles) character file.

2009 wojtek the Basher (level 9, -1/89 HPs)
             Began as a Minotaur Berserker on Jan 2, 2018.
             Was an Elder of Trog.
             Slain by a tentacle (19 damage)
             ... attached to a kraken
             ... in the Dungeon (Sprint II: "The Violet Keep of Menkaure").
             The game lasted 00:03:44 (1156 turns).

wojtek the Basher (Minotaur Berserker)              Turns: 1156, Time: 00:03:45

Health: -1/89      AC:  7    Str: 26    XL:     9   Next: 2%
Magic:  8/8        EV: 16    Int:  4    God:    Trog [****..]
Gold:   109        SH:  0    Dex:  9    Spells: 8/8 levels left

rFire    . . .     SeeInvis .   a - +0 mace
rCold    . . .     Gourm    .   (no shield)
rNeg     . . .     Faith    .   b - +0 animal skin
rPois    .         Spirit   .   l - +2 hat
rElec    .         Reflect  .   m - +1 cloak
rCorr    .         Harm     .   (no gloves)
MR       .....     NoTele   +   (no boots)
Stlth    +.........             (no amulet)
Regen    0.3/turn               (no ring)
MPRegen  0.2/turn               (no ring)

@: berserk cooldown, slowed, very slow
A: retaliatory headbutt, horns 2
a: Berserk, Trog's Hand, Brothers in Arms, Burn Spellbooks, Renounce Religion


You were in the Dungeon.
You worshipped Trog.
Trog was greatly pleased with you.
You were not hungry.

You visited 1 branch You collected 1053 gold pieces.
You spent 944 gold pieces at shops.

Inventory:

Hand Weapons
 a - a +0 mace (weapon)
Armour
 b - a +0 animal skin (worn)
 l - a +2 hat (worn)
 m - a +1 cloak (worn)
Jewellery
 k - the ring of Hionupt {rElec rF+ rC+ Int+2 Dex-3}
   (You bought it in a shop in the Dungeon)

   [ring of protection from cold]

   It affects your intelligence (+2).
   It affects your dexterity (-3).
   It protects you from fire.
   It protects you from cold.
   It insulates you from electricity.
Scrolls
 i - a scroll of blinking
Potions
 d - a potion of curing
 e - a potion of heal wounds
 f - a potion of haste
 g - 2 potions of magic
 h - a potion of berserk rage
Comestibles
 c - 2 bread rations


   Skills:
 + Level 11.4 Fighting
 * Level 14.9 Maces & Flails
 + Level 11.1 Armour
 + Level 10.2 Dodging


You had 8 spell levels left.
You didn't know any spells.

Dungeon Overview and Level Annotations

Branches:
Dungeon (1/1)

Altars:
Cheibriados
Dithmenos
Elyvilon
Fedhas
Gozag
Kikubaaqudgha
Makhleb
Nemelex Xobeh
Okawaru
Sif Muna
Trog
Uskayaw
Vehumet
Yredelemnul
Zin
Beogh
Jiyva
Lugonu

Shops:
D [:==[}*!(%(:?%!:

Annotations:
D exclusions: ice statue and oklob plant


Innate Abilities, Weirdness & Mutations

You reflexively headbutt those who attack you in melee.
You have a pair of horns on your head.


Message History

You feel yourself slow down. The tentacle barely misses you.
The tentacle slaps you!! The tentacle barely misses you.
You furiously retaliate!
You headbutt the tentacle!
Found seven items.
A tentacle segment comes into view.
There is an open door, spattered with blood here.
The tentacle slaps you!!
Found six items.
You see here a scroll labeled OKLORU SANKOSCH.
The tentacle barely misses you. You furiously retaliate!
You headbutt the tentacle.
You see here 27 stones.
The tentacle slaps you!!
* * * LOW HITPOINT WARNING * * *
You see here 30 stones.
The tentacle barely misses you. The tentacle misses you.
You furiously retaliate!
You headbutt the tentacle.
You see here a scroll labeled UBRUBI OTZINUCK.
The tentacle slaps you!!
You die...

0.. ▓▓▓▓▓▓▓▓▓
≈§§≈≈≈≈§▓▓ ▓▓▓▓▓▓▓▓▓▓
?$(?)$%$▓▓ #.
▓$"!=()(!▓▓ +.###
)▓($?)($)!▓▓
...####▓)$($($!@▓▓
#..##.#▓?!$$(!(w▓▓
+..#..#▓)$$%![<(▓▓
#..#).#▓??$$[[$>▓▓
##..##.#▓$$!()?│?▓▓
###...##▓▓▓▓▓▓▓│▓▓▓▓+▓
..≈≈≈≈≈≈≈≈≈≈≈≈≈.\wXw≈▓
..≈#+########+###Vw≈≈▓
..≈#....._._#≈≈≈##≈≈≈▓


You could see a kraken and 3 tentacles.

Vanquished Creatures
  A yaktaur (D)
  3 polar bears (D)
  A hornet (D)
  2 tyrant leeches (D)
  2 hippogriffs (D)
  Menkaure (D)
  4 worker ants (D)
  3 worms (D)
17 creatures vanquished.

Vanquished Creatures (others)
  A crocodile (D)
  8 tentacles (D)
9 creatures vanquished.

Grand Total: 26 creatures vanquished

Notes
Turn   | Place    | Note
-------+----------+-------------------------------------------
     0 | D        | wojtek the Minotaur Berserker began the quest for the Orb.
     0 | D        | Reached XP level 1. HP: 19/19 MP: 0/0
     1 | D        | Noticed a hippogriff
     1 | D        | Noticed a hippogriff
     5 | D        | Killed a hippogriff
     5 | D        | Reached skill level 9 in Maces & Flails
     5 | D        | Reached skill level 5 in Dodging
     5 | D        | Reached XP level 2. HP: 31/31 MP: 1/1
     5 | D        | Reached XP level 3. HP: 38/38 MP: 2/2
     5 | D        | Reached XP level 4. HP: 45/45 MP: 3/3
     5 | D        | Reached XP level 5. HP: 51/51 MP: 4/4
     8 | D        | Killed a hippogriff
     8 | D        | Reached skill level 10 in Maces & Flails
     8 | D        | Reached XP level 6. HP: 56/61 MP: 5/5
   111 | D        | Noticed a tyrant leech
   111 | D        | Noticed a tyrant leech
   120 | D        | Reached ** piety under Trog
   139 | D        | Noticed an ice statue
   184 | D        | Reached *** piety under Trog
   184 | D        | Reached skill level 11 in Maces & Flails
   329 | D        | Found Jomej's Book Shop.
   329 | D        | Found Ykan Logg's Magic Scroll Boutique.
   329 | D        | Found Yvaaq's Distillery.
   329 | D        | Found Fanwua's Book Shop.
   330 | D        | Found Vezxebil's Antique Weapon Shop.
   330 | D        | Found Ecitoq's Food Boutique.
   330 | D        | Found Cuymm's Antique Weapon Shop.
   330 | D        | Found Exzou's Distillery.
   331 | D        | Found Hireyd Jeutz's Food Shop.
   331 | D        | Found Runum's General Store.
   331 | D        | Found Lom Tydosa's Gadget Boutique.
   331 | D        | Found Fahoz's Antique Armour Shop.
   331 | D        | Noticed Menkaure
   345 | D        | Killed Menkaure
   345 | D        | Reached **** piety under Trog
   345 | D        | Reached XP level 7. HP: 70/70 MP: 6/6
   400 | D        | Killed a tyrant leech
   400 | D        | Reached skill level 12 in Maces & Flails
   410 | D        | Killed a tyrant leech
   410 | D        | Reached skill level 10 in Fighting
   410 | D        | Reached skill level 13 in Maces & Flails
   432 | D        | Found Ezenus's Jewellery Boutique.
   432 | D        | Found Kumam's Jewellery Shop.
   432 | D        | Noticed an oklob plant
   433 | D        | Found Yxtuthri's Book Shoppe.
   433 | D        | Found Furamuiv's Antique Armour Boutique.
   441 | D        | Noticed a great orb of eyes
   446 | D        | Bought a bread ration for 50 gold pieces
   446 | D        | Bought a bread ration for 50 gold pieces
   458 | D        | Bought the ring of Hionupt {rElec rF+ rC+ Int+2 Dex-3} for 482 gold pieces
   459 | D        | Bought a glowing hat for 175 gold pieces
   459 | D        | Bought an embroidered cloak for 187 gold pieces
   545 | D        | Found a snail-covered altar of Cheibriados.
   546 | D        | Found a shadowy altar of Dithmenos.
   547 | D        | Found a white marble altar of Elyvilon.
   547 | D        | Found an ancient bone altar of Kikubaaqudgha.
   547 | D        | Found a roughly hewn altar of Beogh.
   547 | D        | Found a viscous altar of Jiyva.
   548 | D        | Found a blossoming altar of Fedhas.
   548 | D        | Found a corrupted altar of Lugonu.
   548 | D        | Found a deep blue altar of Sif Muna.
   549 | D        | Found an opulent altar of Gozag.
   549 | D        | Found a burning altar of Makhleb.
   549 | D        | Found a bloodstained altar of Trog.
   550 | D        | Found a sparkling altar of Nemelex Xobeh.
   550 | D        | Found a hide-covered altar of Uskayaw.
   551 | D        | Found an iron altar of Okawaru.
   551 | D        | Found a radiant altar of Vehumet.
   551 | D        | Found a glowing silver altar of Zin.
   552 | D        | Noticed a yaktaur
   552 | D        | Noticed a hornet
   552 | D        | Noticed a polar bear
   553 | D        | Noticed a polar bear
   555 | D        | Killed a polar bear
   555 | D        | Reached XP level 8. HP: 80/80 MP: 7/7
   559 | D        | Noticed a polar bear
   561 | D        | Killed a polar bear
   561 | D        | Reached skill level 10 in Armour
   567 | D        | Killed a hornet
   567 | D        | Reached ***** piety under Trog
   567 | D        | Reached skill level 14 in Maces & Flails
   571 | D        | Killed a polar bear
   571 | D        | Reached skill level 10 in Dodging
   575 | D        | Killed a yaktaur
   575 | D        | Reached XP level 9. HP: 31/89 MP: 8/8
   910 | D        | Found a basalt altar of Yredelemnul.
   918 | D        | Noticed a kraken
  1156 | D        | Slain by a tentacle

Skill      XL: |  1  2  3  4  5  6  7  8 |
---------------+-------------------------+-----
Fighting       | 6 8 9 10 11 | 11.4
Maces & Flails | 9 10 11 13 14 | 14.9
Armour         | 6 7 8 9 11 | 11.1
Dodging        | 5 6 7 9 10 | 10.2

Action                   |  1- 3 |  4- 6 |  7- 9 || total
-------------------------+-------+-------+-------++-------
Melee: Mace              |     2 |    30 |    40 ||    72
       Headbutt          |     1 |     8 |     9 ||    18
Invok: Berserk           |     1 |     1 |     3 ||     5
       Brothers in Arms  |       |       |     2 ||     2
  Eat: Chunk             |       |       |     4 ||     4
       Bread ration      |       |       |     1 ||     1
Armor: Animal skin       |       |       |     4 ||     4
Dodge: Dodged            |     1 |    13 |    19 ||    33
